← All builds
Geo sea / Legion / Economy first / OBSERVED BUILD

Standard geo sea

Baseline cove-side sea play: bot lab then shipyard in the cove around 3:06, first Syracusia by 5:04, geothermal on time around 7:42 and an Advanced Metal Extractor to build up eco, transitioning into more Syracusia and Argonaut over the…

Usually shipyard in the cove (95%) · geo on time (90%)

#naval #eco · 20 distinct matches · 10 players · 40% of Legion Geo sea games · team won 45% of 20 · Recently observed

HOW TO PLAY IT

Key timing: First Syracusia by 5:18

  1. Take 3 mex and open into wind while starting the bot lab.
  2. Rush the bot lab finish for early defense on the coast.
  3. Get the shipyard up to start frigate production.
  4. Push the first Syracusia frigate out for sea control.
  5. Layer geothermal and advanced mex, then keep feeding the Syracusia navy.

Phase by phase

TYPICAL OF ITS 20 GAMES · AGAINST STANDARD GEO SEA
  1. 1
  2. 2
  3. 3
  4. 4
PLAY THE OPENING

Follow the example game's first 6:00 step by step: what to build now, what comes next, and where it goes. At 1× it keeps pace with your own game.

  1. 1

    Up to the Legion Bot Lab

    Economy
    • Metal Extractor3Mex
    Order
    1. Legion Bot LabLegion Bot Lab after 3 mexdone ~1:07, middle half 1:04–1:13

    Some games also: wind (50%) · solar (45%) · wind for allies (30%)

    The standard build makes here, this one skips: 3 wind

    By 0:50 in all: 3 mex

    The example game in this phase · 3 steps
    1. Mex ×3
    2. Wind ×4
    3. Legion Bot LabLegion Bot Labdone 1:11 · typical 1:07
  2. 2

    Legion Bot Lab to Shipyard

    Economy
    • Metal Extractor1Mex
    Order
    1. ShipyardShipyard after 4 mex, 4 wind, 1 solardone ~3:06, middle half 2:36–3:52
    Builders
    • Zagreus3 Zagreus
    • Legion Construction Bot3 Legion Construction Bot

    Some games also: wind (50%) · con turret (40%) · Goblin (35%) · energy storage (30%) · Toxotai (30%)

    The standard build makes here, this one skips: 3 wind · 2 Toxotai

    By 2:38 in all: 4 mex · 4 wind · 1 solar

    The example game in this phase · 11 steps
    1. Wind ×2
    2. Legion Construction BotLegion Construction Bot ×2
    3. Energy storage
    4. Wind ×3
    5. Mex
    6. Legion Construction BotLegion Construction Bot
    7. ZagreusZagreus ×2
    8. Mex
    9. Con turret
    10. Mex
    11. ShipyardShipyarddone 4:02 · typical 3:06
  3. 3

    Shipyard to 5:00

    Economy
    • Metal Extractor4Mex
    • Wind Turbine2Wind
    Builders
    • Construction Ship1 Con ship
    Army
    • Pharos1 Pharos
    • Argonaut2 Argonaut
    • Syracusia1 Syracusia

    Some games also: converter (50%) · con turret (45%) · Radar Tower (45%) · Legion Drone (40%) · Hippocampus (40%)

    The standard build makes here, this one skips: 2 converter · 2 Radar Tower

    By 5:00 in all: 8 mex · 4 wind (standard 9) · 1 solar · 1 energy storage · 1 con turret

    The example game in this phase · 6 steps
    1. KeteaSubmarine ×2
    2. SyracusiaSyracusianot finished by 15:00 · typical 5:06
    3. Construction ShipCon ship
    4. SyracusiaSyracusia
    5. Mex
    6. Legion DroneLegion Drone
  4. 4

    5:00 to 10:00

    Economy
    • Metal Extractor1Mex−2 vs standard
    • Wind Turbine15Wind+4 vs standard
    • Energy Converter3Converter+3 vs standard
    • Energy Storage1Energy storage
    Order
    1. Geothermal PowerplantGeo after 9 mex, 10 wind, 3 converter
    Builders
    • Construction Turret2 Con turret
    • Dionysus1 Dionysus
    Army
    • Pharos1 Pharos −3 vs standard
    • Legion Drone10 Legion Drone

    Some games also: con ship (45%) · Stheno (30%) · Hippocampus (30%)

    The standard build makes here, this one skips: 2 Bramble

    By 10:00 in all: 9 mex · 19 wind · 1 solar · 1 geo · 5 converter · 1 energy storage

    The example game in this phase · 126 steps
    1. SyracusiaSyracusia
    2. Wind
    3. Legion DroneLegion Drone
    4. Wind
    5. Legion DroneLegion Drone
    6. Wind
    7. Legion DroneLegion Drone
    8. IapetusIapetus
    9. Mex
    10. Wind
    11. ArgonautArgonaut
    12. Wind
    13. Radar TowerRadar Tower
    14. Converter
    15. Advanced Metal ExtractorT2 mexdone 7:39 · typical 9:11
    16. DionysusDionysus
    17. Converter
    18. Wind
    19. Con turret
    20. DionysusDionysus
    21. Converter
    22. Wind
    23. Converter
    24. Legion DroneLegion Drone
    25. DionysusDionysus
    26. Wind
    27. Advanced Metal ExtractorT2 mex
    28. Converter
    29. Geothermal PowerplantGeodone 10:36 · typical 7:51
    30. SyracusiaSyracusia
    31. Con turret
    32. Wind
    33. Legion DroneLegion Drone ×2
    34. Wind
    35. Advanced Metal ExtractorT2 mex
    36. Wind
    37. Converter
    38. Wind ×4
    39. Converter
    40. Wind ×2
    41. Legion DroneLegion Drone
    42. Wind
    43. SyracusiaSyracusia
    44. Wind
    45. Converter
    46. Wind ×3
    47. Legion DroneLegion Drone
    48. Wind ×3
    49. Advanced Metal ExtractorT2 mex
    50. Wind
    51. Converter
    52. Wind
    53. Legion DroneLegion Drone
    54. Wind
    55. Legion DroneLegion Drone ×2
    56. Wind
    57. Converter
    58. Wind ×2
    59. Converter
    60. Wind
    61. SyracusiaSyracusia
    62. Legion DroneLegion Drone
    63. Wind
    64. Converter
    65. Wind ×3
    66. Converter
    67. SyracusiaSyracusia
    68. Legion DroneLegion Drone
    69. Radar TowerRadar Tower
    70. Wind ×3
    71. Advanced Metal ExtractorT2 mex
    72. Wind
    73. Legion DroneLegion Drone ×2
    74. SyracusiaSyracusia
    75. Wind
    76. Converter
    77. Legion DroneLegion Drone
    78. HerringMissile corvette
    79. PharosPharos
    80. Legion DroneLegion Drone
    81. SyracusiaSyracusia
    82. Converter
    83. Wind
    84. PharosPharos
    85. IapetusIapetus
    86. Converter
    87. Wind
    88. Legion DroneLegion Drone
    89. SyracusiaSyracusia
    90. RiptideFrigatedone 11:46
    91. Converter
    92. Legion DroneLegion Drone
    93. Wind
    94. Legion DroneLegion Drone
    95. SyracusiaSyracusia
    96. Legion DroneLegion Drone ×2
    97. SyracusiaSyracusia
    98. Legion DroneLegion Drone ×2
    99. SyracusiaSyracusia
    100. Legion DroneLegion Drone ×3
    101. SyracusiaSyracusia
    102. Legion DroneLegion Drone ×2
    103. Mex
    104. Legion DroneLegion Drone
    105. SyracusiaSyracusia
    106. Con turret
    107. Legion DroneLegion Drone ×2
    108. Advanced Construction BotT2 con bot
    109. Legion DroneLegion Drone
    110. Con turret
    111. Legion DroneLegion Drone
    112. Con turret
    113. Legion DroneLegion Drone
    114. SyracusiaSyracusia
    115. Legion DroneLegion Drone ×3
    116. SyracusiaSyracusia
    117. Con turret ×2
    118. Legion DroneLegion Drone ×2
    119. ArgonautArgonaut
    120. Legion DroneLegion Drone
    121. SyracusiaSyracusia
    122. Legion DroneLegion Drone ×4
    123. SyracusiaSyracusia
    124. Legion DroneLegion Drone ×2
    125. PharosPharos
    126. ArgonautArgonaut

Counts are medians over the build's games: half of them build more, half fewer. The example game is Rysica's (38 OS, 13/09/2026); pick another.

Team trades

IN AT LEAST 30% OF ITS GAMES

You hand over

  • Wind Turbine2 Wind to Airfirst at 1:38 · in 60% of games

You get

  • Finch1 Finch from Airfirst at 1:47 · in 45% of games
  • Hercules1 Light transport from Airfirst at 2:10 · in 30% of games
  • Advanced Construction Bot1 T2 con bot from Techfirst at 7:32 · in 70% of games

How it plays out

Typical game of this build, running totals by minute

Metal produced

010k20k30k
0:005:0010:0015:00

metal

Enemy metal destroyed

05k10k
0:005:0010:0015:00

metal

Own metal lost

02k4k
0:005:0010:0015:00

metal

20 games.

Show as table
ByMetal produced: This buildEnemy metal destroyed: This buildOwn metal lost: This build
1:0039700
2:0092800
3:00162100
4:0028335251
5:00399518362
6:005325565124
7:006791603176
8:0082851412345
9:00102131702419
10:00122262348918
11:001452333851656
12:001734337762213
13:002005253902343
14:002349770313351
15:002767597993665
WHAT THE NUMBERS SAY

Standard geo sea sits near an even split on wins while destroying more metal than it loses by 15:00, typical for a contested sea role.

  • + Enemy metal destroyed reaches 7775 by 15:00 against 4863 lost.
  • + Syracusia dominates army composition at 43%, showing a clear naval focus.
  • − Team win rate is only 47%, essentially a coin flip.
  • − T2 factory only completes in 32% of games, so tech transition often stalls.
THE EXAMPLE YOU ARE READING

Rysica

38.1 OS · 13/09/2026

Open source match ↗

1 received units · includes a constructor
4 metal received · 22875 energy received

Allied construction assistance is unknown. Timings are observations, not a promise of solo reproducibility.

Typical milestones

Legion Bot Lab1:07Middle 50%: 1:04–1:13 · n=20
Shipyard3:06Middle 50%: 2:36–3:52 · n=20
Syracusia5:06Middle 50%: 4:36–5:55 · n=20
Geothermal Powerplant7:51Middle 50%: 6:58–10:12 · n=20
Advanced Metal Extractor9:11Middle 50%: 8:42–9:28 · n=13

Played most by

KingBenjai8games of this buildHighlyRegarded2games of this buildPRO_Rerory2games of this buildRysica2games of this buildarmjanus1game of this build